 Dungeon Crawl Stone Soup version 0.30-a0-2-gf48d83f5e2 (webtiles) character file.

Game seed: 785768605284890789

43570 siradein the Dealer of Despair (level 13, -2/79 HPs)
             Began as a Vampire Necromancer on Aug 20, 2022.
             Was an Elder of Kikubaaqudgha.
             Slain by a six-headed hydra (4 damage)
             ... on level 5 of the Lair of Beasts.
             The game lasted 01:12:20 (21873 turns).

siradein the Dealer of Despair (VpNe)              Turns: 21873, Time: 01:12:20

Health: -2/79      AC: 19    Str: 13    XL:     13   Next: 91%
Magic:  14/27      EV:  8    Int: 21    God:    Kikubaaqudgha [****..]
Gold:   857        SH: 11    Dex: 16    Spells: 8/33 levels left

rFire   . . .      SeeInvis +    V - +0 rapier
rCold   . . .      Faith    .    F - +0 kite shield
rNeg    + . .      Spirit   .    J - +4 scale mail {rN+}
rPois   .          Reflect  .    x - +0 helmet
rElec   .          Harm     .    G - +1 cloak
rCorr   .          Rampage  .    u - +2 pair of gloves {Stlth+}
Will    ++...                    N - +0 pair of boots
Stlth   ++........               Q - amulet of magic regeneration
HPRegen 0.43/turn                m - ring of willpower
MPRegen 0.60/turn                P - +6 ring of strength

@: lethally poisoned (-2 -> -14), animating dead, healing quickly, studying
Stealth
A: alive, fangs 3, see invisible, vampiric 2
a: Exsanguinate, Renounce Religion, Unearth Wretches


You were on level 5 of the Lair of Beasts.
You worshipped Kikubaaqudgha.
Kikubaaqudgha was greatly pleased with you.
You visited 3 branches of the dungeon, and saw 17 of its levels.
You also visited: Ossuary.

You collected 857 gold pieces.

Inventory:

Hand Weapons
 V - a +0 rapier (weapon)
Missiles
 e - 41 poisoned darts
 l - 2 curare-tipped darts
 r - 4 throwing nets
Armour
 u - a +2 pair of gloves of stealth (worn)
 x - a +0 helmet (worn)
 F - a +0 kite shield (worn)
 G - a +1 cloak (worn)
 J - a +4 scale mail of positive energy (worn)
 N - a +0 pair of boots (worn)
Jewellery
 i - an amulet of regeneration
 m - a ring of willpower (left hand)
 q - a ring of resist corrosion
 s - a ring of flight
 y - an amulet of guardian spirit
 D - a ring of protection from cold
 P - a +6 ring of strength (right hand)
 Q - an amulet of magic regeneration (around neck)
 U - a ring of protection from fire
 Z - the ring "Futwyim" {Ice Int+4}
   (You found it on level 11 of the Dungeon)

   [ring of ice]

   It enhances your ice magic.
   Int:       It affects your intelligence (+4).
   rF:        It makes you vulnerable to fire.
   rC:        It protects you from cold.
Wands
 p - a wand of iceblast (17)
 H - a wand of flame (15)
 M - a wand of mindburst (24)
 W - a wand of paralysis (6)
Scrolls
 d - 2 scrolls of silence {unknown}
 f - 5 scrolls of immolation
 j - 7 scrolls of teleportation
 k - 4 scrolls of fear
 n - 2 scrolls of poison {unknown}
 o - 2 scrolls of blinking
 v - a scroll of magic mapping
 w - 3 scrolls of amnesia
 C - 3 scrolls of enchant weapon
 L - 2 scrolls of fog
 O - a scroll of torment
 S - 2 scrolls of summoning
 Y - a scroll of brand weapon {unknown}
Potions
 a - 3 potions of heal wounds
 b - a potion of magic
 c - 5 potions of curing
 g - 8 potions of haste
 h - 4 potions of invisibility
 t - 4 potions of flight
 z - 4 potions of might
 A - 4 potions of ambrosia
 B - 4 potions of lignification {unknown}
 E - 3 potions of attraction {unknown}
 I - 2 potions of degeneration {unknown}
 K - 5 potions of brilliance {unknown}
 R - 2 potions of resistance {unknown}
 T - a potion of cancellation {unknown}
 X - a potion of berserk rage {unknown}


   Skills:
 + Level 11.9 Short Blades
 + Level 5.6 Armour
 - Level 2.1 Dodging
 - Level 3.0 Stealth
 + Level 9.3 Shields
 + Level 10.8 Spellcasting
 + Level 13.1 Necromancy
 - Level 5.0 Transmutations
 + Level 7.6 Earth Magic


You had 8 spell levels left.
You knew the following spells:

 Your Spells              Type           Power      Damage    Failure   Level
a - Wereblood             Tmut           32%        N/A       11%         2
b - Vampiric Draining     Necr           61%        2d10      1%          3
c - Animate Dead          Necr           61%        N/A       2%          4
d - Necrotise             Necr           100%       1d9       1%          1
e - Borgnjor's Vile Clut  Necr/Erth      26%        N/A       22%         5
f - Simulacrum            Ice/Necr       19%        N/A       99%         6
g - Dispel Undead         Necr           61%        3d21      2%          4

Your spell library contained the following spells:

 Spells                   Type           Power      Damage    Failure   Level
 Sublimation of Blood     Necr           61%        N/A       1%          2
 Agony                    Necr           61%        N/A       7%          5
 Beastly Appendage        Tmut           64%        N/A       8%          1
 Apportation              Tloc           22%        N/A       50%         1
 Foxfire                  Conj/Fire      44%        2x1d6     50%         1
 Summon Small Mammal      Summ           44%        N/A       50%         1
 Spider Form              Tmut/Pois      21%        N/A       52%         3
 Static Discharge         Conj/Air       11%        3-5/arc   65%         2
 Corpse Rot               Necr/Pois/Air  29%        N/A       67%         4
 Animate Armour           Summ/Erth      54%        N/A       75%         4
 Conjure Flame            Conj/Fire      11%        6-21      86%         3
 Gell's Gravitas          Tloc           11%        N/A       86%         3
 Inner Flame              Hex/Fire       11%        N/A       86%         3
 Lesser Beckoning         Tloc           11%        N/A       86%         3
 Teleport Other           Tloc           11%        N/A       86%         3
 Tukima's Dance           Hex            11%        N/A       86%         3
 Blade Hands              Tmut           16%        N/A       90%         5
 Flame Wave               Conj/Fire      11%        2d6       99%         4
 Passage of Golubria      Tloc           11%        N/A       99%         4
 Sticky Flame             Conj/Fire      11%        2d3       99%         4
 Yara's Violent Unravell  Hex/Tmut       10%        3d6       99%         5
 Summon Forest            Summ/Tloc      5%         N/A       100%        5
 Eringya's Noxious Bog    Tmut/Pois      10%        N/A       100%        6
 Iron Shot                Conj/Erth      13%        9d3       100%        6
 Summon Hydra             Summ           5%         N/A       100%        7


Dungeon Overview and Level Annotations

Branches:
Dungeon (11/15)            Temple (1/1) D:4            Lair (5/5) D:9
  Swamp (0/4) Lair:2       Spider (0/4) Lair:2        Slime (0/5) Lair:4
    Orc (0/2) D:11        Ossuary (visited)

Altars:
Ashenzari
Cheibriados
Dithmenos
Fedhas
Gozag
Hepliaklqana
Kikubaaqudgha
Makhleb
Nemelex Xobeh
Qazlal
Ru
Sif Muna
Trog
Uskayaw
Vehumet
Wu Jian
Xom
Yredelemnul
Jiyva

Shops:
D:4 [   D:5 *   D:8 [*

Annotations:
D:3 Grinder
D:8 3 runed translucent doors, pigah's ghost, novice OpAE
D:9 1 runed translucent door, odiv's ghost, novice DjWr
Lair:4 2 runed translucent doors, audacious124's ghost, journeyman DsIE


Innate Abilities, Weirdness & Mutations

Your natural rate of healing is accelerated.
You have razor-sharp teeth.
You have supernaturally acute eyesight. (SInv)
You are afflicted with vampirism and can become a bat while bloodless.


Message History

You feel very sick.
Your bullfrog zombie hits the six-headed hydra.
The cane toad stings your death yak zombie but does no damage.
Your death yak zombie closely misses the cane toad.
The yak gores your bullfrog zombie.
Your water moccasin zombie bites the six-headed hydra!
You block the six-headed hydra's attack.
The six-headed hydra bites you.
* * * LOW HITPOINT WARNING * * *
You block the six-headed hydra's attack.
The six-headed hydra bites you but does no damage. x2
You block the six-headed hydra's attack.
Your bullfrog zombie hits the yak but does no damage.
Your bullfrog zombie's attack snaps the yak out of its fear.
Unknown command.
Casting: Vampiric Draining (safe; 1% risk of failure)
Confirm with . or Enter, or press ? or * to list all spells.
Aiming: Vampiric Draining (safe; 1% risk of failure)
Press: ? - help, Shift-Dir - straight line, f - six-headed hydra
Aim: a six-headed hydra (heavily wounded, ally target)
You draw life force from the six-headed hydra.
You feel life coursing into your body.
* * * LOW HITPOINT WARNING * * *
You feel very sick.
The cane toad stings your death yak zombie!!
Your water moccasin zombie bites the six-headed hydra.
Your elephant zombie tramples the six-headed hydra!
The six-headed hydra holds its ground!
Your elephant zombie trunk-slaps the six-headed hydra.
Your death yak zombie gores the cane toad but does no damage.
The yak gores you.
* * * LOW HITPOINT WARNING * * *
Your bullfrog zombie hits the yak but does no damage.
The six-headed hydra barely misses you.
The six-headed hydra bites you but does no damage.
The six-headed hydra closely misses you.
You block the six-headed hydra's attack.
The six-headed hydra bites you.
You die...
Kikubaaqudgha rasps: "You have failed me!
Welcome... death!"

........................
....................... .
#.#...................
..####......###.).#.P...##
.....##...### #..###...###
....P......# ###.###.....#
.......Z..## #...##.#..###
.......ZDZ# #......#...# #
...Y...ZY@# ...........# #
........F.+ .....#..#...#
#P...#.Z.$......#..#....#
##...#....#.##..### #..##
.........Y####. ... ..
.F....?# . .... $
......... ..... ..Y.......
.....


You could see a six-headed hydra (ally target), an elephant (fleeing), 3 yaks, 2
cane toads, a friendly komodo dragon zombie, a friendly water moccasin zombie, a
friendly death yak zombie, a friendly elephant zombie and a friendly bullfrog
zombie.

Vanquished Creatures
  Harold (D:10)
  2 hydras (Lair:4)
  2 two-headed ogres
  A death yak (Lair:5)
  Nergalle (D:10)
  A fire crab (Lair:4)
  Pikel (D:5)
  2 wolf spiders (Lair:1)
  An ugly thing (D:11)
  3 cyclopes
  A black mamba (Lair:5)
  4 elephants
  10 cane toads
  2 unseen horrors (D:10)
  Maggie (D:7)
  5 komodo dragons
  A rime drake (Lair:2)
  3 trolls
  A hornet (D:9)
  A meliai (Lair:2)
  A queen bee (D:11)
  2 tyrant leeches (Lair:2)
  2 polar bears
  4 slime creatures (D:11)
  3 dream sheep (Lair:2)
  4 blink frogs
  44 yaks
  4 wyverns
  A wraith (Ossuary)
  Grum (D:9)
  3 vampire mosquitoes (D:11)
  A warg (D:11)
  2 acid dragons
  A swamp worm (Lair:2)
  7 water moccasins
  4 sky beasts
  2 orc warriors
  A centaur (D:11)
  An ogre (D:5)
  20 wolves
  3 kobold brigands
  8 bullfrogs
  An elf zombie (Ossuary)
  3 scorpions
  A necrophage (D:4)
  37 killer bees
  4 electric eels
  4 howler monkeys (D:9)
  A lava snake (Lair:5)
  A hound (D:9)
  5 jellies
  Crazy Yiuf (D:5)
  A gnoll bouda (D:5)
  2 orc priests
  3 iguanas
  Terence (D:3)
  7 orc wizards
  5 hell rats
  A hound zombie (D:4)
  3 mummies (Ossuary)
  8 gnolls
  10 adders
  A shadow imp (D:8)
  A white imp (D:6)
  2 ufetubi
  An adder zombie (D:4)
  A worm zombie (D:4)
  A worm (D:2)
  2 dart slugs
  25 orcs
  16 ball pythons
  4 bats
  11 endoplasms
  7 goblins
  9 hobgoblins
  11 jackals
  5 quokkas
  4 frilled lizards
  A gnoll zombie (Ossuary)
  3 goblin zombies (Ossuary)
  2 hobgoblin zombies (Ossuary)
  19 kobolds
  4 kobold zombies (Ossuary)
  6 rats
398 creatures vanquished.

Vanquished Creatures (collateral kills)
  Gastronok (D:8)
  Snorg (Lair:5)
  5 elephants
  4 cane toads
  A rime drake (Lair:2)
  3 komodo dragons
  A polar bear (Lair:5)
  A blink frog (Lair:3)
  A slime creature (D:11)
  2 dream sheep (Lair:2)
  A water elemental (D:11)
  A wraith (D:9)
  22 yaks
  An acid dragon (D:9)
  A water moccasin (Lair:4)
  10 wolves
  An ogre (D:5)
  A centaur (D:8)
  5 bullfrogs
  A gnoll sergeant (D:8)
  2 scorpions
  Blork the orc (D:5)
  7 killer bees
  A howler monkey (D:10)
  2 hounds
  2 orc wizards
  7 hell rats
  4 gnolls
  4 orcs
  2 jackals (D:1)
  A frilled lizard (D:2)
  A rat (D:1)
  3 butterflies (Lair:3)
101 creatures vanquished.

Vanquished Creatures (others)
  A death yak (Lair:5)
  A wizard (D:8)
  A black mamba (Lair:5)
  A torpor snail (Lair:3)
  A death yak zombie (Lair:5)
  A komodo dragon (Lair:4)
  A troll (D:9)
  A dream sheep (Lair:5)
  A blink frog (Lair:5)
  A black mamba zombie (Lair:5)
  A wyvern (Lair:3)
  2 yaks
  2 cane toad zombies (Lair:5)
  6 water moccasins
  A black bear (D:8)
  2 blink frog zombies (Lair:5)
  A dream sheep zombie (Lair:5)
  A troll zombie (Lair:5)
  2 bullfrogs (Lair:5)
  2 komodo dragon zombies
  2 wyvern zombies
  A scorpion (D:10)
  A warg zombie (D:11)
  8 water moccasin zombies
  A polar bear zombie (Lair:3)
  A queen bee zombie (D:11)
  13 yak zombies
  6 wolf zombies
  2 centaur zombies
  3 bullfrog zombies
  A scorpion zombie (D:10)
  An orc wizard (D:8)
  8 killer bee zombies (D:11)
  2 acid dragon zombies
  A hound zombie (D:9)
  A goblin (D:8)
  4 gnoll zombies
  A goblin zombie (D:8)
  12 orc zombies
  34 fungi
  41 plants
174 creatures vanquished.

Grand Total: 673 creatures vanquished

Notes
Turn   | Place    | Note
-------+----------+-------------------------------------------
     0 | D:1      | siradein the Vampire Necromancer began the quest for the
                  | Orb.
     0 | D:1      | Reached XP level 1. HP: 13/13 MP: 3/3
   120 | D:1      | Reached XP level 2. HP: 7/19 MP: 0/5
   395 | D:1      | Found a faded altar of an unknown god.
   607 | D:1      | Gained mutation: You are afflicted with vampirism and can
                  | become a bat while bloodless. [Vampire growth]
   607 | D:1      | Reached XP level 3. HP: 24/24 MP: 5/7
   616 | D:1      | Reached skill level 5 in Necromancy
  1360 | D:2      | Reached XP level 4. HP: 30/30 MP: 6/8
  1370 | D:2      | Learned a level 3 spell: Vampiric Draining
  2055 | D:3      | Noticed Terence
  2066 | D:3      | Killed Terence
  2300 | D:3      | Reached skill level 1 in Short Blades
  2540 | D:2      | Reached XP level 5. HP: 22/35 MP: 4/10
  2595 | D:3      | Reached skill level 1 in Shields
  2954 | D:3      | Noticed Grinder
  3352 | D:4      | Found a basalt altar of Yredelemnul.
  3436 | D:4      | Reached XP level 6. HP: 38/41 MP: 11/11
  3445 | D:4      | Found a staircase to the Ecumenical Temple.
  3449 | D:4      | Reached skill level 6 in Necromancy
  3452 | Temple   | Entered the Ecumenical Temple
  3473 | Temple   | Became a worshipper of Kikubaaqudgha
  3557 | D:4      | Found a hazy altar of Hepliaklqana.
  3687 | D:4      | Found a blossoming altar of Fedhas.
  3721 | D:4      | Found a shimmering blue altar of Sif Muna.
  3723 | D:4      | Found an ornate altar of the Wu Jian Council.
  3740 | D:4      | Found Ziun's Armour Shop.
  3799 | D:4      | Found a sand-covered staircase.
  3819 | Ossuary  | Entered an ossuary
  3819 | Ossuary  | Noticed a wraith
  3819 | Ossuary  | Noticed a wraith
  3819 | Ossuary  | Noticed a wraith
  3961 | Ossuary  | Learned a level 4 spell: Animate Dead
  3964 | Ossuary  | Learned a level 2 spell: Wereblood
  4279 | Ossuary  | Noticed a wraith
  4297 | Ossuary  | Killed a wraith
  4298 | Ossuary  | Reached skill level 1 in Transmutations
  4298 | Ossuary  | Reached XP level 7. HP: 6/46 MP: 13/13
  4496 | D:4      | Reached * piety under Kikubaaqudgha
  4496 | D:4      | Received a gift from Kikubaaqudgha
  5115 | D:5      | Entered Level 5 of the Dungeon
  5153 | D:5      | Found a runed translucent door.
  5154 | D:5      | Noticed Crazy Yiuf
  5194 | D:5      | Found Gozag's Platinum Reserve.
  5216 | D:5      | Found an opulent altar of Gozag.
  5402 | D:5      | Noticed Blork the orc
  5417 | D:5      | Killed Blork the orc
  5627 | D:5      | Noticed Pikel
  5735 | D:5      | Killed Pikel
  5736 | D:5      | Reached skill level 5 in Spellcasting
  5736 | D:5      | Reached skill level 7 in Necromancy
  5736 | D:5      | Reached XP level 8. HP: 42/52 MP: 3/15
  6032 | D:5      | Reached skill level 5 in Short Blades
  6644 | D:5      | Killed Crazy Yiuf
  7087 | D:6      | Reached XP level 9. HP: 56/57 MP: 9/17
  7620 | D:6      | Reached skill level 8 in Necromancy
  7643 | D:6      | Found a burning altar of Makhleb.
  7863 | D:7      | Noticed Maggie
  7914 | D:7      | Killed Maggie
  7915 | D:7      | Reached skill level 5 in Transmutations
  8503 | D:7      | Found a hide-covered altar of Uskayaw.
  8525 | D:7      | Reached ** piety under Kikubaaqudgha
  9206 | D:8      | Found a snail-covered altar of Cheibriados.
  9209 | D:8      | Found Cheibriados's Comfort Zone.
  9230 | D:8      | Found a bloodstained altar of Trog.
  9404 | D:8      | Noticed a cyclops
  9406 | D:8      | Reached skill level 9 in Necromancy
  9637 | D:8      | Noticed Gastronok
  9667 | D:8      | Killed Gastronok
  9668 | D:8      | Reached XP level 10. HP: 49/63 MP: 15/21
  9737 | D:8      | Found Zin's Purification Station.
  9743 | D:8      | Found a runed translucent gate.
  9743 | D:8      | Found a runed translucent gate.
  9743 | D:8      | Found a runed translucent gate.
  9745 | D:8      | Found an opulent altar of Gozag.
  9745 | D:8      | Noticed a boulder beetle
  9749 | D:8      | Noticed pigah's ghost (novice OpAE)
  9785 | D:8      | Found Quodohux's General Store.
  9814 | D:8      | Identified the +6 flail "Zearchave" {vorpal, rCorr Str+2}
  9829 | D:8      | HP: 3/63 [cyclops (10)]
  9830 | D:8      | Killed a cyclops
  9831 | D:8      | Reached skill level 5 in Shields
 10061 | D:8      | Noticed a wizard
 10065 | D:8      | Killed a wizard
 10540 | D:9      | Found a staircase to the Lair.
 10540 | D:9      | Found a runed translucent door.
 10541 | D:9      | Found a shimmering altar of Xom.
 10541 | D:9      | Noticed odiv's ghost (novice DjWr)
 10790 | D:9      | Reached skill level 10 in Necromancy
 11183 | D:9      | Reached *** piety under Kikubaaqudgha
 11183 | D:9      | Received a gift from Kikubaaqudgha
 11198 | D:9      | Learned a level 5 spell: Borgnjor's Vile Clutch
 11205 | D:9      | Learned a level 6 spell: Simulacrum
 11452 | D:9      | Noticed Grum
 11474 | D:9      | Killed Grum
 11488 | D:9      | Reached skill level 1 in Earth Magic
 11559 | D:9      | Reached XP level 11. HP: 68/68 MP: 23/23
 11645 | D:9      | Found a sacrificial altar of Ru.
 11727 | D:9      | Noticed a +1 dire flail of chaos
 11743 | D:10     | Entered Level 10 of the Dungeon
 11771 | D:10     | Identified the +0 leather armour "Festru" {Int-5 Dex+5}
 12268 | D:10     | Noticed Nergalle
 12268 | D:10     | Noticed a two-headed ogre
 12278 | D:10     | Noticed Harold
 12765 | D:10     | Killed Nergalle
 12802 | D:10     | Killed Harold
 13001 | D:10     | Killed a two-headed ogre
 13274 | D:10     | Learned a level 4 spell: Dispel Undead
 13648 | D:11     | Reached skill level 11 in Necromancy
 13670 | D:11     | Found a staircase to the Orcish Mines.
 13758 | D:11     | Reached skill level 1 in Armour
 14617 | D:11     | Reached skill level 10 in Short Blades
 14709 | D:11     | Reached XP level 12. HP: 68/74 MP: 16/25
 14874 | D:11     | Reached **** piety under Kikubaaqudgha
 15027 | D:11     | Identified the ring "Futwyim" {Ice Int+4}
 15950 | Lair:1   | Entered Level 1 of the Lair of Beasts
 16042 | Lair:1   | Reached skill level 5 in Earth Magic
 16576 | Lair:1   | Reached ***** piety under Kikubaaqudgha
 16784 | Lair:1   | Reached skill level 12 in Necromancy
 17502 | Lair:2   | Reached skill level 10 in Spellcasting
 18079 | Lair:2   | Found a staircase to the Swamp.
 18317 | Lair:2   | Found a hole to the Spider Nest.
 18352 | Lair:2   | Reached XP level 13. HP: 79/79 MP: 17/27
 20085 | Lair:4   | Reached skill level 5 in Armour
 20490 | Lair:4   | Found a viscous altar of Jiyva.
 20490 | Lair:4   | Found a staircase to the Slime Pits.
 20686 | Lair:4   | Found a large runed translucent door.
 20686 | Lair:4   | Found a large runed translucent door.
 20690 | Lair:4   | Noticed audacious124's ghost (journeyman DsIE)
 20923 | Lair:5   | Entered Level 5 of the Lair of Beasts
 21238 | Lair:5   | Reached skill level 13 in Necromancy
 21255 | Lair:5   | Noticed Snorg
 21289 | Lair:5   | Killed Snorg
 21647 | Lair:5   | Your ally Snorg died
 21873 | Lair:5   | HP: 3/79 [poisoned by a cane toad]
 21873 | Lair:5   | Slain by a six-headed hydra

Illustrated notes

Levels and vault maps discovered:
D:1:      saegor_arrival_simple_b, layout_loops_ring,
          hellmonk_ecumenical_altar_zigzags, minivault_14, minmay_misc_feat_five
D:2:      layout_loops_ring
D:3:      layout_loops_ring, minmay_snake_closets, uniq_grinder, uniq_terence
D:4:      layout_basic, mainiacjoe_overflow_brackets,
          nicolae_overflow_hidden_temple, mainiacjoe_overflow_alcove_1,
          lemuel_zombie_altar_yredelemnul, minmay_temple_entry_enclosed_plants,
          serial_shops, nicolae_shop_hallway_plus, enter_ossuary_3,
          hangedman_decor_riveting, hangedman_abyss_or_decor_lesser_grid,
          grunt_decor_fettered
D:5:      layout_basic, nicolae_gozag_zags_fifth_avenue, uniq_blork_the_orc,
          uniq_pikel, uniq_crazy_yiuf_cottage
D:6:      layout_basic, mainiacjoe_overflow_alcove_4, minmay_misc_feat_ornament
D:7:      layout_basic, nicolae_uskayaw_dance_studio, uniq_maggie
D:8:      layout_rooms, zin_purify, trog_wizard, serial_shops, shop,
          ebering_ghost_gozag, grunt_ministairs_10, glass_columns_b,
          minmay_shop_chei, hangedman_abyss_or_decor_slice, uniq_gastronok
D:9:      layout_loops_corners, nicolae_ru_the_path_less_chosen,
          erik_lair_island, ebering_ghost_xom, uniq_grum
D:10:     layout_layer_cave, uniq_nergalle, uniq_harold
D:11:     layout_basic, david_orc_3, special_room [special_room_bee],
          chequers_serial_rivers_small_b, hive_lemuel
Temple:   chequers_temple_sunken
Lair:1:   layout_roguey, nicolae_lair_run_with_the_wolves
Lair:2:   layout_cave_pods, minmay_swamp_entry_worms,
          hellmonk_spider_entry_not_the_bees, grunt_megastairs_1
Lair:3:   layout_misc_corridors, lemuel_fruit_tree, lemuel_fruit_fields
Lair:4:   layout_gridlike, dpeg_slime_entry_enclosed,
          ebering_ghost_disaster_area
Lair:5:   evil_forest, layout_regular_city, nicolae_lair_liquid_snakes,
          uniq_snorg

Skill      XL: |  1  2  3  4  5  6  7  8  9 10 11 12 13 |
---------------+----------------------------------------+-----
Necromancy     | 5 6 7 9 10 11 12 13 | 13.1
Spellcasting   | 3 4 5 7 8 9 10 | 10.8
Short Blades   | 1 2 3 4 5 7 8 10 11 | 11.9
Shields        | 1 2 3 4 6 7 8 9 |  9.3
Transmutations | 1 3 4 5 |  5.0
Earth Magic    | 1 4 6 7 |  7.6
Armour         | 2 4 5 |  5.6
Dodging        | |  2.1
Stealth        | |  3.0

Action                   |  1- 3 |  4- 6 |  7- 9 | 10-12 | 13-15 || total
-------------------------+-------+-------+-------+-------+-------++-------
Melee: Unarmed           |    39 |       |       |       |       ||    39
       Bite              |    13 |    55 |    52 |   157 |    59 ||   336
       Dagger            |    13 |       |       |       |       ||    13
       Short sword       |    37 |   401 |   482 |   819 |       ||  1739
       Punch             |       |     1 |       |       |       ||     1
       Rapier            |       |       |       |   234 |   309 ||   543
Throw: Dart              |       |       |     5 |       |       ||     5
 Cast: Necrotise         |    54 |     5 |       |       |       ||    59
       Vampiric Draining |       |    15 |    70 |   179 |    87 ||   351
       Animate Dead      |       |       |    10 |    16 |     7 ||    33
       Wereblood         |       |       |     6 |    20 |     4 ||    30
       Dispel Undead     |       |       |       |     4 |       ||     4
Invok: Unearth Wretches  |       |       |     1 |     2 |     6 ||     9
       Torment           |       |       |       |       |     1 ||     1
Evoke: Wand              |       |       |       |     5 |       ||     5
  Use: Scroll            |       |     8 |     7 |     6 |     2 ||    23
       Potion            |       |       |     1 |     1 |       ||     2
 Stab: Sleeping          |     5 |    13 |     5 |     6 |     1 ||    30
       Distracted        |       |     2 |     1 |    10 |     7 ||    20
       Paralysed         |       |       |     1 |     1 |     7 ||     9
Armor: Robe              |    13 |       |    45 |       |       ||    58
       Leather armour    |       |   115 |    43 |       |       ||   158
       Steam dragon scal |       |       |   117 |    73 |       ||   190
       Scale mail        |       |       |       |   414 |   226 ||   640
Dodge: Dodged            |    88 |   178 |   286 |   382 |   129 ||  1063
Block: Buckler           |       |    65 |   115 |       |       ||   180
       Kite shield       |       |       |    16 |   650 |   243 ||   909

Table legend: (Time is in decaauts)
 A = Elapsed time spent in this place.
 B = Non-inter-level travel time spent in this place.
 C = Inter-level travel time spent in this place.
 D = Time resting spent in this place.
 E = Time spent auto-exploring this place.
 F = Levels seen in this place.
 G = Mean time per level.
                   A        B        C        D        E       F      G
               +--------+--------+--------+--------+--------+-----+--------+
         Total |  21828 |  20496 |   1332 |    444 |  15261 |  18 | 1212.7 |
       Dungeon |  15103 |  13953 |   1150 |    361 |  10153 |  11 | 1373.0 |
        Temple |     47 |     29 |     18 |      0 |      0 |   1 |   47.0 |
          Lair |   6009 |   5846 |    163 |     83 |   4769 |   5 | 1201.8 |
       Ossuary |    668 |    668 |      0 |      0 |    338 |   1 |  668.0 |
               +--------+--------+--------+--------+--------+-----+--------+

Top non-repeatable levels by time:
    D:11: 2202 daAuts
     D:9: 1989 daAuts
     D:5: 1611 daAuts
     D:7: 1569 daAuts
  Lair:4: 1530 daAuts
  Lair:2: 1466 daAuts
    D:10: 1288 daAuts
  Lair:1: 1284 daAuts
     D:3: 1196 daAuts
     D:2: 1174 daAuts
     D:4: 1153 daAuts
     D:6: 1146 daAuts
  Lair:3: 967 daAuts
     D:1: 923 daAuts
     D:8: 846 daAuts
